 Dungeon Crawl Stone Soup version 0.13.1-25-g341c717 (console) character file.

151 Kite the Charlatan (level 4, -5/36 HPs)
             Began as a Draconian Artificer on Jan 20, 2014.
             Slain by an orc wizard
             ... wielding a +0,+1 orcish falchion
              (6 damage)
             ... on Level 3 of the Dungeon.
             The game lasted 00:21:33 (3117 turns).

Kite the Charlatan (Draconian Artificer)            Turns: 3117, Time: 00:21:34

HP  -5/36        AC  5     Str 14      XL: 4   Next: 25%
MP   6/6         EV 13     Int 12      God:
Gold 66          SH  0     Dex 12      Spells:  0 memorised,  3 levels left

Res.Fire  : . . .   See Invis. : .   a - +0 short sword
Res.Cold  : . . .   Warding    : .   (armour unavailable)
Life Prot.: . . .   Conserve   : .   (no shield)
Res.Poison: .       Res.Corr.  : .   (helmet restricted)
Res.Elec. : .       Clarity    : .   (no cloak)
Sust.Abil.: . .     Spirit.Shd : .   (no gloves)
Res.Mut.  : .       Stasis     : .   (no boots)
Res.Rott. : .       Flight     : .   (no amulet)
Saprovore : . . .                    (no ring)
                                     (no ring)

@: slowed, very slow, slightly resistant to hostile enchantments, unstealthy
A: unfitting armour, AC +5
a: no special abilities


You were on level 3 of the Dungeon.
You were not hungry.

You visited 1 branch of the dungeon, and saw 3 of its levels.

You collected 46 gold pieces.

Inventory:

Hand weapons
 a - a +0,+0 short sword (weapon)
 b - a +0,+0 sling
 k - a +1,+0 sling
 r - a +0,+0 spear (quivered)
Magical devices
 c - a wand of enslavement (9)
 d - a wand of random effects (15)
 i - a wand of flame (11)
Comestibles
 f - a bread ration
 g - 2 meat rations
Scrolls
 e - a scroll of identify {unknown}
 h - 3 scrolls of remove curse {unknown}
 l - a scroll of noise {unknown}
 p - a scroll of teleportation {unknown}
 s - a scroll of random uselessness {unknown}
 u - a scroll of amnesia {unknown}
 v - a scroll of curse armour {unknown}
Potions
 j - a potion of cure mutation {unknown}
 m - a potion of might {unknown}
 n - a potion of confusion {unknown}


   Skills:
 + Level 1.8 Fighting
 + Level 1.8 Short Blades
 + Level 3.1 Dodging
 + Level 0.8 Stealth
 + Level 3.7 Evocations


You had 3 spell levels left.
You didn't know any spells.

Dungeon Overview and Level Annotations

Branches:
Dungeon (3/27)

Altars:

Annotations:
D:2 Crazy Yiuf
D:3 Sigmund


Message History

The orc wizard mumbles some strange words.
The orc wizard flickers and vanishes!
Deactivating autopickup; reactivate with Ctrl-A.
The orc wizard hits you with an orcish dagger.
The orc wizard casts a spell at you. The magic dart hits you!
* * * LOW HITPOINT WARNING * * *
The orc wizard closely misses you.
The orc wizard hits you but does no damage.
There are monsters nearby!
The orc wizard completely misses you.
You hear some strange, mumbled words.
Something tries to affect you, but you resist.
The orc wizard closely misses you.
There is a stone staircase leading up here.
The orc wizard points at you and mumbles some strange words.
The magic dart hits you!
* * * LOW HITPOINT WARNING * * *
It hits you.
You die...

▒▒▒·▒▒▒▒ ▒·▒ ▒·▒·····<
·······▒ ▒·▒ ▒·▒·······
·······▒ ▒·▒ ▒%▒·······▒
·······▒ ▒▒▒▒·▒▒▒%▒·······▒
·······▒▒▒▒······%·········▒
·······%···········w········(
·······▒▒▒▒················▒
▒▒▒▒▒▒▒▒ ▒················▒
▒·····@o··▒▒▒▒▒▒▒▒
▒▒▒▒▒▒▒▒▒▒▒


You could see a worm and an orc wizard.

Vanquished Creatures
  Ijyb (D:2)
  2 adders (D:2)
  2 giant geckos
  An orc (D:3)
  A ball python (D:2)
  5 giant cockroaches
  4 goblins
  7 hobgoblins
  3 kobolds
  3 quokkas (D:2)
  6 bats
  3 giant newts
  9 rats
47 creatures vanquished.

Vanquished Creatures (collateral kills)
  A goblin (D:2)
  A fungus (D:2)
2 creatures vanquished.

Vanquished Creatures (others)
  2 fungi (D:2)
2 creatures vanquished.

Grand Total: 51 creatures vanquished

Notes
Turn   | Place    | Note
--------------------------------------------------------------
     0 | D:1      | Kite, the Draconian Artificer, began the quest for the Orb.
     0 | D:1      | Reached XP level 1. HP: 17/17 MP: 1/1
   369 | D:1      | Reached XP level 2. HP: 24/24 MP: 3/3
  1406 | D:2      | Reached XP level 3. HP: 12/29 MP: 4/4
  2214 | D:2      | Noticed Ijyb
  2239 | D:2      | Killed Ijyb
  2239 | D:2      | Reached XP level 4. HP: 33/36 MP: 6/6
  2710 | D:2      | Noticed Crazy Yiuf
  3035 | D:3      | Noticed Sigmund
  3117 | D:3      | HP: 1/36 [orc wizard/magic dart (6)]
  3117 | D:3      | Slain by an orc wizard

Action                   |  1- 3 |  4- 6 || total
-------------------------+-------+-------++-------
Melee: Short sword       |   189 |    77 ||   266
Throw: Spear             |     1 |       ||     1
Evoke: Wand              |     4 |     6 ||    10
  Use: Potion            |     3 |     1 ||     4
